 Dungeon Crawl Stone Soup version 0.20.1-1-g8b1a95d (webtiles) character file.

747 equalderp2856 the Chopper (level 7, -2/91 HPs)
             Began as a Minotaur Fighter on Sept 7, 2017.
             Killed by divine providence
             ... invoked by an orc priest
              (14 damage)
             ... on level 6 of the Dungeon.
             The game lasted 00:05:40 (2353 turns).

equalderp2856 the Chopper (Minotaur Fighter)        Turns: 2353, Time: 00:05:41

Health: -2/91      AC: 23    Str: 18 (21) XL:     7   Next: 48%
Magic:  3/6        EV:  2    Int:  3 (5)  God:
Gold:   289        SH:  9    Dex:  8 (11) Spells: 6/6 levels left

rFire    . . .     SeeInvis .   a - +1 war axe
rCold    . . .     Gourm    .   c - +0 shield
rNeg     + + +     Faith    .   (armour currently unavailable)
rPois    +         Spirit   .   (helmet currently unavailable)
rElec    .         Reflect  .   (cloak currently unavailable)
rCorr    .         Harm     .   (gloves currently unavailable)
MR       .....     NoTele   +   (boots currently unavailable)
Stlth    +.........             (no amulet)
Regen    0.3/turn               (no ring)
MPRegen  0.1/turn               (no ring)

@: tree-form
A: (retaliatory headbutt)
a: no special abilities


You were on level 6 of the Dungeon.
You were very hungry.
You were a tree.
You visited 1 branch of the dungeon, and saw 6 of its levels.

You collected 289 gold pieces.

Inventory:

Hand Weapons
 a - a +1 war axe (weapon)
 t - a +0 spear
Missiles
 s - a throwing net (quivered)
Armour
 b - a +0 scale mail
 c - a +0 shield (worn)
 j - a +1 pair of boots (melded)
 x - a scarf of spirit shield (melded)
 A - a +1 ring mail of cold resistance (melded)
Jewellery
 q - an uncursed amulet of harm
 y - an uncursed ring of stealth {unknown}
Wands
 C - a wand of flame (38/48)
Scrolls
 i - 3 scrolls of remove curse
 m - a scroll of blinking
 v - a scroll of enchant armour
Potions
 d - 2 potions of might
 e - 2 potions of invisibility
 h - 2 potions of berserk rage
 n - 2 potions of mutation
 o - a potion of curing
 z - a potion of flight
Comestibles
 f - 2 bread rations
 g - 4 meat rations
 u - 2 royal jellies


   Skills:
 + Level 5.5 Fighting
 + Level 6.3 Axes
 + Level 5.6 Armour
 + Level 1.9 Dodging
 + Level 0.3 Stealth
 + Level 5.9 Shields


You had 6 spell levels left.
You didn't know any spells.

Dungeon Overview and Level Annotations

Branches:
Dungeon (6/15)
 Temple: D:4-7

Altars:
Makhleb
Qazlal

Shops:
D:4 }

Annotations:
D:5 Dowan, Duvessa


Innate Abilities, Weirdness & Mutations

((You reflexively headbutt those who attack you in melee.))
((You have a pair of horns on your head.))


Message History

The orc hits you but does no damage. You block the orc's attack.
The orc hits you from afar with a trident.
* * * LOW HITPOINT WARNING * * *
The orc hits you but does no damage. The orc hits you but does no damage.
You are feeling very hungry.
The orc priest mumbles some strange prayers to Beogh against you.
Beogh smites you!
* * * LOW HITPOINT WARNING * * *
The orc hits you but does no damage. The orc hits you but does no damage.
You block the orc's attack. The orc hits you but does no damage.
You block the orc's attack.
The orc priest casts a cantrip, but nothing happens.
You block the orc's attack.
The orc priest invokes the aid of Beogh against you.
Beogh smites you!
You die...

.... ##>.#
#...# ... .o.
#o# #)# #♣#
##'## #.
##...##
#.##.....##
###.#.......##
.............#
.............+
.###.........#
##.......##


You could see an orc priest and an orc.

Vanquished Creatures
  Sigmund (D:2)
  A water moccasin (D:6)
  A howler monkey (D:4)
  A hound (D:4)
  An orc priest (D:3)
  An orc wizard (D:4)
  A bullfrog skeleton (D:4)
  Jessica (D:2)
  Natasha (thrice) (D:2)
  A worker ant (D:4)
  A hound skeleton (D:4)
  Robin (D:2)
  2 gnolls (D:1)
  5 adders
  4 worms
  2 dart slugs
  3 leopard geckos
  14 orcs
  15 goblins
  6 hobgoblins
  7 jackals (D:2)
  2 ball pythons (D:1)
  6 bats
  3 frilled lizards
  A kobold (D:2)
  4 rats (D:1)
88 creatures vanquished.

Notes
Turn   | Place    | Note
-------+----------+-------------------------------------------
     0 | D:1      | equalderp2856 the Minotaur Fighter began the quest for the Orb.
     0 | D:1      | Reached XP level 1. HP: 19/19 MP: 0/0
   191 | D:1      | Reached XP level 2. HP: 27/27 MP: 1/1
   312 | D:1      | Reached XP level 3. HP: 27/33 MP: 2/2
   605 | D:2      | Noticed Sigmund
   620 | D:2      | Killed Sigmund
   620 | D:2      | Reached skill level 4 in Axes
   620 | D:2      | Reached skill level 1 in Dodging
   620 | D:2      | Reached skill level 5 in Shields
   620 | D:2      | Reached XP level 4. HP: 23/41 MP: 3/3
   620 | D:2      | Reached XP level 5. HP: 27/47 MP: 4/4
   826 | D:2      | Noticed Natasha
   834 | D:2      | Killed Natasha
   834 | D:2      | Reached skill level 5 in Armour
   839 | D:2      | Noticed Natasha
   847 | D:2      | Killed Natasha
   847 | D:2      | Reached XP level 6. HP: 34/53 MP: 5/5
   875 | D:2      | Noticed Robin
   878 | D:2      | Noticed Jessica
   883 | D:2      | Killed Robin
   885 | D:2      | Killed Jessica
  1445 | D:2      | Noticed Natasha
  1450 | D:2      | Killed Natasha
  1491 | D:3      | Noticed an air elemental
  1492 | D:3      | Found a stormy altar of Qazlal.
  1495 | D:3      | Noticed a fire elemental
  1495 | D:3      | Noticed a water elemental
  1666 | D:3      | Reached skill level 5 in Axes
  1669 | D:3      | Reached skill level 5 in Fighting
  1940 | D:4      | Found Roarekh's Gadget Shoppe.
  2063 | D:4      | Reached XP level 7. HP: 58/61 MP: 6/6
  2184 | D:5      | Entered Level 5 of the Dungeon
  2184 | D:5      | Noticed Dowan
  2187 | D:5      | Noticed Duvessa
  2261 | D:5      | Found a burning altar of Makhleb.
  2291 | D:6      | Reached skill level 6 in Axes
  2353 | D:6      | Killed from afar by an orc priest

Skill      XL: |  1  2  3  4  5  6  7 |
---------------+----------------------+-----
Shields        | 4 5 |  5.9
Armour         | 4 5 |  5.6
Fighting       | 4 5 |  5.5
Axes           | 4 5 6 |  6.3
Dodging        | 1 |  1.9
Stealth        | |  0.3

Action                   |  1- 3 |  4- 6 |  7- 9 || total
-------------------------+-------+-------+-------++-------
Melee: War axe           |    67 |    94 |    54 ||   215
       Headbutt          |    11 |    15 |     4 ||    30
  Use: Scroll            |     2 |     6 |     3 ||    11
       Potion            |       |       |     4 ||     4
  Eat: Chunk             |       |     3 |     1 ||     4
Armor: Scale mail        |    30 |    46 |       ||    76
       Ring mail         |       |     3 |    19 ||    22
       Skin              |       |       |    15 ||    15
Dodge: Dodged            |    21 |    34 |    22 ||    77
Block: Shield            |    29 |    60 |    44 ||   133
